 Dungeon Crawl Stone Soup version 0.17-a0-2127-g1cb09f6 (webtiles) character file.

228 tp1 the Conjurer (level 5, 0/28 HPs)
             Began as a Deep Elf Conjurer on Oct 23, 2015.
             Succumbed to a worker ant's poison
             ... on level 4 of the Dungeon.
             The game lasted 00:14:40 (2746 turns).

tp1 the Conjurer (Deep Elf Conjurer)                Turns: 2746, Time: 00:14:40

Health: 0/28       AC:  4    Str:  5    XL:     5   Next: 71%
Magic:  6/14       EV: 13    Int: 21    God:
Gold:   38         SH:  0    Dex: 15    Spells: 4 memorised, 5 levels left

rFire  . . .     SeeInvis .     (no weapon)
rCold  . . .     Clarity  .     a - +1 robe
rNeg   . . .     SustAt   .     (no shield)
rPois  .         Gourm    .     (no helmet)
rElec  .         Spirit   .     (no cloak)
rCorr  .         Warding  .     (no gloves)
rMut   .         Stasis   .     (no boots)
MR     .....                    (no amulet)
Stlth  ++........               (no ring)
                                (no ring)

@: lethally poisoned (0 -> -3), not resistant to hostile enchantments,
unstealthy
A: deterioration 1, low mp 1, shaggy fur 1
a: no special abilities


You were on level 4 of the Dungeon.
You were full.

You visited 1 branch of the dungeon, and saw 4 of its levels.

You collected 38 gold pieces.

Inventory:

Armour
 a - a +1 robe (worn)
Wands
 m - a wand of cold (1)
Scrolls
 e - 2 scrolls of fear
 o - a scroll of magic mapping
Potions
 h - a potion of invisibility
Books
 b - a book of Conjurations

   Spells                             Type                      Level
   a - Magic Dart                     Conjuration                  1
   b - Searing Ray                    Conjuration                  2
   c - Dazzling Spray                 Conjuration/Hexes            3
   d - Fulminant Prism                Conjuration/Hexes            4
   e - Iskenderun's Mystic Blast      Conjuration                  4
   f - Iskenderun's Battlesphere      Conjuration/Charms           5
Comestibles
 c - a bread ration
 j - a chunk of flesh
 l - a meat ration


   Skills:
 - Level 2.4 Dodging
 - Level 2.4 Stealth
 - Level 6.0 Spellcasting
 + Level 6.3 Conjurations


You had 5 spell levels left.
You knew the following spells:

 Your Spells              Type           Power        Failure   Level  Hunger
a - Magic Dart            Conj           ####         1%          1    None
b - Searing Ray           Conj           ####..       1%          2    None
c - Dazzling Spray        Conj/Hex       ###.....     10%         3    ##.....
d - Iskenderun's Battles  Conj/Chrm      ###.....     78%         5    #####..


Dungeon Overview and Level Annotations

Branches:
Dungeon (4/15)
 Temple: D:4-7

Altars:
Cheibriados
Nemelex Xobeh
Qazlal

Annotations:
D:2 Sigmund


Innate Abilities, Weirdness & Mutations

Your body sometimes deteriorates upon taking damage.
Your magical capacity is low (-10% MP).
You are covered in fur (AC +1).


Message History

Drink which item? (? for menu, Esc to quit)
Okay, then.
Read which item? (? for menu, Esc to quit)
As you read the scroll labeled RATTI LYIPT, it crumbles to dust.
It is a scroll of enchant armour.
Enchant which item? (? for menu, Esc to quit)
Your +0 robe glows green for a moment.
* * * LOW HITPOINT WARNING * * *
You feel sick.
Eat which item? (? for menu, Esc to quit)
You continue eating.
* * * LOW HITPOINT WARNING * * *
You feel sick.
You continue eating.
You finish eating.
That bread ration really hit the spot!
* * * LOW HITPOINT WARNING * * *
You feel sick.
* * * LOW HITPOINT WARNING * * *
You feel sick.
You die...

## .. ####### #. #.
#..... .## #. #....
..# #. ...####..# #.
#..##....#
#.####..##.#.#
#.@.....##.#.#
#####........#
.......###..##
.......#........#
#..............#....
#......l.##.....> #.
#.........)..#.##.
#........##....# #
####### #.##.#


There were no monsters in sight!

Vanquished Creatures
  A crimson imp (D:3)
  An iguana (D:4)
  3 worker ants (D:4)
  2 adders
  2 oozes (D:3)
  2 worms (D:3)
  4 giant geckos
  4 orcs (D:3)
  7 bats
  5 giant cockroaches
  4 goblins
  3 hobgoblins
  4 quokkas
  3 ball pythons
  A giant newt (D:2)
  8 kobolds
  6 rats
60 creatures vanquished.

Vanquished Creatures (others)
  A kobold (D:1)
1 creature vanquished.

Grand Total: 61 creatures vanquished

Notes
Turn   | Place    | Note
--------------------------------------------------------------
     0 | D:1      | tp1 the Deep Elf Conjurer began the quest for the Orb.
     0 | D:1      | Reached XP level 1. HP: 10/10 MP: 6/6
   398 | D:1      | Reached XP level 2. HP: 15/15 MP: 6/8
   916 | D:2      | Reached XP level 3. HP: 19/19 MP: 6/11
   920 | D:2      | Learned a level 2 spell: Searing Ray
   924 | D:2      | Learned a level 3 spell: Dazzling Spray
   953 | D:2      | Reached skill level 5 in Spellcasting
  1103 | D:2      | Found a stormy altar of Qazlal.
  1128 | D:2      | Noticed Sigmund
  1182 | D:3      | Found a sparkling altar of Nemelex Xobeh.
  1353 | D:3      | Found a snail-covered altar of Cheibriados.
  1453 | D:3      | Reached XP level 4. HP: 24/24 MP: 10/13
  1464 | D:3      | Reached skill level 6 in Spellcasting
  1997 | D:3      | Found a snail-covered altar of Cheibriados.
  2146 | D:3      | Found a sparkling altar of Nemelex Xobeh.
  2309 | D:3      | Reached skill level 5 in Conjurations
  2501 | D:4      | Reached XP level 5. HP: 28/28 MP: 6/15
  2693 | D:4      | Learned a level 5 spell: Iskenderun's Battlesphere
  2719 | D:4      | Gained mutation: Your magical capacity is low (-10% MP). [potion of mutation]
  2719 | D:4      | Gained mutation: Your body sometimes deteriorates upon taking damage. [potion of mutation]
  2719 | D:4      | Gained mutation: You are covered in fur (AC +1). [potion of mutation]
  2742 | D:4      | HP: 1/28 [poisoned by a worker ant]
  2746 | D:4      | Succumbed to a worker ant's poison

Vault maps used:
D:1:      dpeg_arrival_sounds_slurp, lemuel_flame_loot_1
D:2:      lemuel_doored_altar, uniq_sigmund
D:3:      cheibriados_altar_1, nemelex_xobeh_ov_fountains_minmay, first_bread
D:4:      lemuel_crystal_altar, serial_shops, shop,
          hangedman_abyss_or_decor_slice, minivault_26,
          small_statue_intersection, minmay_fountain_box, bloody_trog

Action                   |  1- 3 |  4- 6 || total
-------------------------+-------+-------++-------
Melee: Unarmed           |     1 |     2 ||     3
 Cast: Magic Dart        |    87 |    44 ||   131
       Dazzling Spray    |     1 |     7 ||     8
       Searing Ray       |       |     9 ||     9
  Use: Scroll            |     5 |     4 ||     9
       Potion            |     2 |     2 ||     4
  Eat: Chunk             |     2 |     4 ||     6
       Bread ration      |       |     1 ||     1
